 Dungeon Crawl Stone Soup version 0.30.0-30-g96aa6591b8 (webtiles) character file.

Game seed: 14584736987103583186

66 H0rd4k the Charlatan (level 4, -3/28 HPs)
             Began as an Octopode Artificer on June 28, 2023.
             Slain by a gnoll
             ... wielding a +0 halberd
              (15 damage)
             ... on level 2 of the Dungeon.
             The game lasted 00:01:09 (1062 turns).

H0rd4k the Charlatan (Octopode Artificer)           Turns: 1062, Time: 00:01:10

Health: -3/28      AC:  1    Str: 11    XL:     4   Next: 15%
Magic:  4/4        EV: 13    Int: 15    God:
Gold:   132        SH:  0    Dex: 12    Spells: 3/3 levels left

rFire   . .          .
                       - Unarmed
rCold   . . .        (no shield)
rNeg    . . .        (helmet restricted)
rPois   .            (no amulet)
rElec   .            (no ring)
rCorr   .            (no ring)
SInv    .            (no ring)
Will    .....        (no ring)
Stlth   +++          (no ring)
HPRegen 0.24/turn    (no ring)
MPRegen 0.09/turn    (no ring)
                     (no ring)

%: no passive effects
@: no status effects
A: almost no armour, amphibious, 8 rings, camouflage 1, gelatinous body 1,
(nimble swimmer 1), tentacles
a: no special abilities


You were on level 2 of the Dungeon.
You visited 1 branch of the dungeon, and saw 2 of its levels.

You collected 132 gold pieces.

Inventory:

Wands
 b - a wand of flame (15) (quivered)
 c - a wand of charming (14)
 d - a wand of iceblast (3)
Scrolls
 i - a scroll of identify {unknown}
 k - a scroll of noise {unknown}
Potions
 a - 2 potions of heal wounds {unknown}
 e - a potion of magic {unknown}
 f - a potion of might {unknown}
 g - a potion of brilliance {unknown}
 h - 2 potions of lignification {unknown}
 j - a potion of haste {unknown}
 l - a potion of invisibility {unknown}


   Skills:
 + Level 1.1 Fighting
 + Level 3.0 Dodging
 + Level 2.4 Stealth
 + Level 1.2 Unarmed Combat
 + Level 4.2 Evocations


You had 3 spell levels left.
You didn't know any spells.
Your spell library was empty.

Dungeon Overview and Level Annotations

Branches:
Dungeon (2/15)

Altars:

Annotations:
D:2 exclusion: gnoll


Innate Abilities, Weirdness & Mutations

You cannot wear most types of armour.
You are amphibious.
You can wear up to eight rings at the same time.
Your skin changes colour to match your surroundings (Stealth+).
Your rubbery body absorbs attacks. (AC +1, EV +1)
((You are camouflaged when in or above water. (Stealth+)))
You have tentacles for arms and can constrict up to eight enemies at once.


Message History

You feel a bit more experienced.
Unknown command.
Aiming: Iceblast
Press: ? - help, Shift-Dir - straight line, f - adder
Aim: an adder The mass of ice explodes!
The iceblast engulfs the adder!
The adder is almost dead.
The iceblast engulfs the gnoll!
You kill the gnoll!
Your Dodging skill increases to level 3!
Your Unarmed Combat skill increases to level 1!
A giant cockroach comes into view.
You closely miss the adder. You grab the adder. You squeeze the adder.
You kill the adder!
A gnoll comes into view. It is wielding a +0 halberd.
You have reached level 4!
You tentacle-slap the giant cockroach. Your grab misses the giant cockroach.
The giant cockroach is severely wounded.
The giant cockroach barely misses you.
The giant cockroach attacks as you move away!
The giant cockroach bites you.
The giant cockroach attacks as you move away!
The giant cockroach misses you. The giant cockroach barely misses you.
You closely miss the giant cockroach. You grab the giant cockroach.
The giant cockroach is severely wounded.
You constrict the giant cockroach. The giant cockroach closely misses you.
The gnoll completely misses you.
You tentacle-slap the giant cockroach.
You kill the giant cockroach!
The gnoll closely misses you. The gnoll hits you with a +0 halberd!
The gnoll barely misses you.
The gnoll hits you from afar with a +0 halberd.
Aiming: Charm
Press: ? - help, Shift-Dir - straight line, f - gnoll
Aim: a gnoll, wielding a +0 flail (chance to affect: 67%)
The gnoll is charmed.
The gnoll hits you from afar with a +0 halberd!
Ouch! That really hurt!
You die...

........ ).......##
###.... ).......# #
#..# #...$...#
###.##########†......#
##..#.#.#.#.#.......#
#.#...#.#.#.....[..##
.####...#†..#.#.g..#
#.###.#...<...##g#.#
##.#.##...######@#.#
#.....#...######.# #
>...#............#
#...#.##..########
##.#...#..#######
#...............
##....)...#######
#.........#
...>.....##


You could see a gnoll and a friendly gnoll (charmed).

Vanquished Creatures
  2 gnolls (D:2)
  2 adders (D:2)
  2 dart slugs (D:1)
  A bat (D:1)
  An endoplasm (D:1)
  3 giant cockroaches (D:2)
  2 goblins
  3 hobgoblins (D:1)
  3 ball pythons (D:1)
  2 frilled lizards (D:1)
  3 kobolds
  3 rats
27 creatures vanquished.

Notes
Turn   | Place    | Note
-------+----------+-------------------------------------------
     0 | D:1      | H0rd4k the Octopode Artificer began the quest for the Orb.
     0 | D:1      | Reached XP level 1. HP: 13/13 MP: 1/1
    35 | D:1      | Reached XP level 2. HP: 6/18 MP: 2/2
   708 | D:2      | Reached skill level 4 in Evocations
   708 | D:2      | Reached XP level 3. HP: 14/23 MP: 3/3
  1051 | D:2      | Reached skill level 1 in Unarmed Combat
  1053 | D:2      | Reached XP level 4. HP: 28/28 MP: 4/4
  1062 | D:2      | Slain by a gnoll

Illustrated notes

Levels and vault maps discovered:
D:1:      reono_arrival_mine, layout_basic
D:2:      layout_loops_ring, ebering_ecumenical_altar_mist, serial_shops,
          nicolae_shop_bloodbath_and_beyond, chequers_serial_rivers_small_b,
          minmay_worlds_worst_comb

Skill      XL: |  1  2  3 |
---------------+----------+-----
Evocations     | 4 |  4.2
Stealth        | 2 |  2.4
Dodging        | 3 |  3.0
Unarmed Combat | 1 |  1.2
Fighting       | |  1.1

Action                     |  1- 3 |  4- 6 || total
---------------------------+-------+-------++-------
  Melee: Unarmed           |    58 |     3 ||    61
         Tentacles         |    16 |       ||    16
         Constrict         |    18 |     1 ||    19
  Evoke: Wand              |     2 |     1 ||     3
   Stab: Sleeping          |     5 |       ||     5
 Armour: Skin              |     3 |       ||     3
  Dodge: Dodged            |    37 |     7 ||    44
